 Dungeon Crawl Stone Soup version 0.29-a0-541-gaf1fc19f1b (webtiles) character file.

Game seed: 1965643937226704206

1537 oldriver the Fighter (level 8, -6/102 (118) HPs)
             Began as a Palentonga Wanderer on June 3, 2022.
             Was an Initiate of Okawaru.
             Mangled by a wight
             ... wielding a +2 long sword
              (9 damage)
             ... on level 6 of the Dungeon.
             The game lasted 00:08:03 (7466 turns).

oldriver the Fighter (Palentonga Wanderer)          Turns: 7466, Time: 00:08:04

HP:   -6/102 (118)  AC: 11    Str: 18    XL:     8   Next: 56%
MP:   0/8           EV:  8    Int: 18    God:    Okawaru [......]
Gold: 156           SH:  5    Dex: 16    Spells: 7/7 levels left

rFire   . . .      SeeInvis +   a - +3 dagger (speed)
rCold   . . .      Faith    .   d - +0 buckler
rNeg    . . .      Spirit   +   f - +0 leather armour
rPois   .          Reflect  .   (no helmet)
rElec   .          Harm     .   (no cloak)
rCorr   .          Rampage  .   (no gloves)
Will    .....                   (no barding)
Stlth   ..........              C - amulet of guardian spirit
HPRegen 0.27/turn               i - +6 ring of dexterity
MPRegen 0.11/turn               n - +6 ring of intelligence

@: berserking, heavily drained, curled up, very quick
A: large, rugged brown scales 3, see invisible, deformed body, roll 1, armoured
tail, reflexive curl
a: Rolling Charge, Renounce Religion


You were on level 6 of the Dungeon.
You worshipped Okawaru.
Okawaru was noncommittal.
You visited 2 branches of the dungeon, and saw 7 of its levels.

You collected 156 gold pieces.

Inventory:

Hand Weapons
 a - a +3 dagger of speed (weapon)
 b - a +0 hunting sling
Missiles
 j - 2 poisoned darts
 E - 3 curare-tipped darts
Armour
 d - a +0 buckler (worn)
 f - a +0 leather armour (worn)
Jewellery
 i - a +6 ring of dexterity (left hand)
 n - a +6 ring of intelligence (right hand)
 C - an amulet of guardian spirit (around neck)
Wands
 t - a wand of iceblast (3)
 F - a wand of paralysis (9)
Scrolls
 c - 2 scrolls of summoning {unknown}
 e - 2 scrolls of silence
 h - a scroll of fear
 l - 6 scrolls of enchant weapon
 m - a scroll of fog {unknown}
 o - 4 scrolls of acquirement {unknown}
 r - 4 scrolls of magic mapping {unknown}
 s - a scroll of immolation {unknown}
 u - a scroll of blinking {unknown}
 w - a scroll of teleportation {unknown}
 y - a scroll of amnesia {unknown}
 A - a scroll of poison {unknown}
Potions
 g - a potion of ambrosia
 p - a potion of magic
 q - a potion of attraction
 v - 2 potions of lignification
 x - 2 potions of haste
 z - a potion of heal wounds {unknown}
 B - a potion of cancellation {unknown}
 D - a potion of brilliance {unknown}


   Skills:
 + Level 10.8 Fighting
 - Level 1.0 Maces & Flails
 - Level 3.7 Throwing
 - Level 2.6 Shields


You had 7 spell levels left.
You didn't know any spells.
Your spell library contained the following spells:

 Spells                   Type           Power      Damage    Failure   Level
 Apportation              Tloc           0%         N/A       32%         1
 Manifold Assault         Tloc           0%         N/A       100%        5
 Conjure Ball Lightning   Conj/Air       0%         3x3d6     100%        6
 Maxwell's Capacitive Co  Air            0%         ∞         100%        8
 Death Channel            Necr           Unusable   N/A       N/A         6
 Haunt                    Necr/Summ      Unusable   N/A       N/A         7

Dungeon Overview and Level Annotations

Branches:
Dungeon (6/15)             Temple (1/1) D:4

Altars:
Cheibriados
Dithmenos
Elyvilon
Fedhas
Gozag
Hepliaklqana
Kikubaaqudgha
Makhleb
Nemelex Xobeh
Okawaru
Qazlal
Ru
Sif Muna
Trog
Vehumet
Xom
Zin
The Shining One

Shops:
D:1 [

Annotations:
D:4 3 runed translucent doors, swifteh's ghost, weakling OgGl
D:5 4 transporters, dolemite99's ghost, amateur DsGl


Innate Abilities, Weirdness & Mutations

You are completely covered in rugged brown scales. (AC +3, +7% HP)
You have supernaturally acute eyesight. (SInv)
Armour fits poorly on your strangely shaped body.
You can roll at nearby foes to attack.
You have a long armoured tail.
You curl defensively after being hit. (AC +7*)


Message History

The wight is almost destroyed.
The wight hits you from afar with a +1 halberd. x2
You feel drained.
Fire: b) +0 hunting sling
Press: ? - help, Q - select action, (/) - cycle Shift-Dir - straight line, f/p - wight
Aim: a wight, wielding a +1 halberd and wearing a +0 robe (almost destroyed, 64% to hit)
You shoot a sling bullet.
The sling bullet hits the wight but does no damage.
The wight is almost destroyed.
The wight hits you from afar with a +1 halberd.
* * * LOW HITPOINT WARNING * * *
You feel drained.
Fire: b) +0 hunting sling
Press: ? - help, Q - select action, (/) - cycle Shift-Dir - straight line, f/p - wight
Aim: a wight, wielding a +1 halberd and wearing a +0 robe (almost destroyed, 64% to hit)
You shoot a sling bullet. The sling bullet hits the wight.
You destroy the wight!
Okawaru accepts your kill.
Your hands tingle!
a - a +3 dagger of speed (weapon)
You block the wight's attack.
You hit the wight.
The wight is moderately damaged.
You closely miss the wight.
The wight is moderately damaged.
The wight hits you with a +2 long sword!
* * * LOW HITPOINT WARNING * * *
You closely miss the wight.
The wight is moderately damaged.
The wight hits you with a +2 long sword!
* * * LOW HITPOINT WARNING * * *
You feel drained.
* * * LOW HITPOINT WARNING * * *
You closely miss the wight.
The wight is moderately damaged.
Unknown command.
A red film seems to cover your vision as you go berserk!
You feel yourself moving faster!
You feel mighty!
The wight hits you with a +2 long sword!
You die...

... ##.. ....
#... ≈≈ .....
#..# #≈ #
.....##..# ≈ ≈≈
.........# ≈#≈≈≈
.......#.##≈≈≈≈≈
#)..≈≈≈≈#
#.z.###≈≈ ≈
##.@..##≈≈...
#...........
##..####....
##.....###.##
#..........#
##..........#
#...........##
##............#
#.............#


You could see a wight.

Vanquished Creatures
  Grinder (D:5)
  Sigmund (D:2)
  Eustachio (D:5)
  A black bear (D:5)
  An ice beast (D:5)
  An ogre (D:5)
  A phantom (D:6)
  A necrophage (D:5)
  3 scorpions (D:5)
  2 wights (D:6)
  A howler monkey (D:6)
  2 hounds
  Natasha (thrice) (D:2)
  2 iguanas
  6 adders
  A shadow imp (D:5)
  3 ufetubi
  2 dart slugs
  10 orcs
  3 endoplasms
  2 giant cockroaches
  3 goblins
  7 hobgoblins
  3 jackals (D:4)
  3 quokkas
  2 ball pythons
  5 bats
  7 frilled lizards
  9 kobolds
  4 rats
91 creatures vanquished.

Vanquished Creatures (others)
  A wizard (D:5)
1 creature vanquished.

Grand Total: 92 creatures vanquished

Notes
Turn   | Place    | Note
-------+----------+-------------------------------------------
     0 | D:1      | oldriver the Palentonga Wanderer began the quest for the
                  | Orb.
     0 | D:1      | oldriver set off with the following items: a +0 vorpal
                  | dagger, 3 curare-tipped darts, a +0 mace, a +0 buckler, a
                  | scroll of silence, a +0 leather armour
     0 | D:1      | Reached XP level 1. HP: 16/16 MP: 1/1
   127 | D:1      | Reached skill level 2 in Fighting
   134 | D:1      | Reached XP level 2. HP: 17/23 MP: 2/2
   456 | D:1      | Found Gusois's Antique Armour Emporium.
   951 | D:2      | Reached skill level 3 in Fighting
   951 | D:2      | Reached XP level 3. HP: 24/31 MP: 3/3
  1086 | D:2      | Noticed Natasha
  1092 | D:2      | Killed Natasha
  1393 | D:2      | Reached skill level 4 in Fighting
  1393 | D:2      | Reached XP level 4. HP: 36/39 MP: 4/4
  1439 | D:2      | Noticed Sigmund
  1462 | D:2      | Killed Sigmund
  1463 | D:2      | Reached skill level 5 in Fighting
  1463 | D:2      | Reached XP level 5. HP: 31/49 MP: 5/5
  1825 | D:2      | Got the Compendium of Displacement and Air
  2157 | D:2      | Noticed Natasha
  2168 | D:2      | Killed Natasha
  2169 | D:2      | Reached skill level 6 in Fighting
  2169 | D:2      | Reached XP level 6. HP: 30/55 MP: 6/6
  2464 | D:3      | Found a faded altar of an unknown god.
  2727 | D:3      | Got the Guide on the Unholy Traveller
  3003 | D:3      | Found a glowing silver altar of Zin.
  3003 | D:3      | Found a shimmering blue altar of Sif Muna.
  3004 | D:3      | Found a burning altar of Makhleb.
  3007 | D:3      | Found a shadowy altar of Dithmenos.
  3008 | D:3      | Found a glowing golden altar of the Shining One.
  3240 | D:4      | Found a runed translucent gate.
  3240 | D:4      | Found a runed translucent gate.
  3241 | D:4      | Found a runed translucent gate.
  3245 | D:4      | Noticed swifteh's ghost (weakling OgGl)
  3592 | D:4      | Found a staircase to the Ecumenical Temple.
  3767 | Temple   | Entered the Ecumenical Temple
  4478 | D:5      | Entered Level 5 of the Dungeon
  4523 | D:5      | Found a large runed translucent door.
  4525 | D:5      | Found a large runed translucent door.
  4531 | D:5      | Found a bloodstained altar of Trog.
  4532 | D:5      | Noticed a wizard
  4538 | D:5      | Killed a wizard
  4557 | D:5      | Noticed Grinder
  4590 | D:5      | Killed Grinder
  4591 | D:5      | Reached skill level 7 in Fighting
  4591 | D:5      | Gained mutation: You curl defensively after being hit. (AC
                  | +7*) [Palentonga growth]
  4591 | D:5      | Reached XP level 7. HP: 19/65 MP: 7/7
  4900 | D:5      | Reached skill level 8 in Fighting
  5176 | D:2      | Noticed Natasha
  5184 | D:2      | Killed Natasha
  5383 | D:5      | Noticed Eustachio
  5855 | D:5      | Killed Eustachio
  5856 | D:5      | Reached skill level 9 in Fighting
  5856 | D:5      | Reached XP level 8. HP: 32/75 MP: 5/8
  6080 | D:5      | Found a transporter.
  6381 | D:5      | Found a transporter.
  6469 | D:5      | Reached skill level 10 in Fighting
  6582 | D:5      | Found a transporter.
  6585 | D:5      | Found a transporter.
  6585 | D:5      | Noticed dolemite99's ghost (amateur DsGl)
  6603 | D:5      | Noticed a hornet
  6676 | D:5      | Found an iron altar of Okawaru.
  6859 | D:5      | Found an ancient bone altar of Kikubaaqudgha.
  6865 | D:5      | Became a worshipper of Warmaster Okawaru
  7464 | D:6      | HP: 3/70 [wight/+2 long sword (7)]
  7466 | D:6      | Mangled by a wight

Illustrated notes

Levels and vault maps discovered:
D:1:      nzn_arrival_depleted_hourglass, layout_loops_ring, serial_shops,
          nicolae_shop_hallway_stairs
D:2:      layout_basic, minmay_close_crescents, uniq_natasha, uniq_sigmund
D:3:      layout_rooms, minitemple, shapermc_ecumenical_altar_hornbeckon
D:4:      layout_basic, minmay_temple_entry_poolview, ebering_ghost_rock_garden
D:5:      gammafunk_steamed_eel, layout_basic, trog_wizard,
          jmf_multi_god_temple2, gammafunk_ghost_hive, uniq_eustachio,
          uniq_grinder
D:6:      layout_cave_pods, minmay_misc_feat_tiny, minivault_4,
          minmay_strange_pillars, minmay_circle_x
Temple:   zaba_magenta_temple

Skill      XL: |  1  2  3  4  5  6  7  8 |
---------------+-------------------------+-----
Fighting       | 2 3 4 5 6 7 9 10 | 10.8
Maces & Flails | |  1.0
Throwing       | |  3.7
Shields        | |  2.6

Action                   |  1- 3 |  4- 6 |  7- 9 || total
-------------------------+-------+-------+-------++-------
Melee: Dagger            |    75 |   194 |   168 ||   437
       Tailslap          |    13 |    30 |    29 ||    72
 Fire: Hunting sling     |       |       |    24 ||    24
 Abil: Rolling Charge    |    15 |    22 |    10 ||    47
  Use: Scroll            |       |     1 |     8 ||     9
       Potion            |       |       |     3 ||     3
Armor: Leather armour    |    15 |    33 |    80 ||   128
Dodge: Dodged            |    20 |    29 |    68 ||   117
Block: Buckler           |     7 |    28 |    48 ||    83

Table legend: (Time is in decaauts)
 A = Elapsed time spent in this place.
 B = Non-inter-level travel time spent in this place.
 C = Inter-level travel time spent in this place.
 D = Time resting spent in this place.
 E = Time spent auto-exploring this place.
 F = Levels seen in this place.
 G = Mean time per level.
                   A        B        C        D        E       F      G
               +--------+--------+--------+--------+--------+-----+--------+
         Total |   7370 |   6923 |    447 |   1565 |   4462 |   7 | 1052.9 |
       Dungeon |   7296 |   6869 |    427 |   1565 |   4412 |   6 | 1216.0 |
        Temple |     73 |     54 |     19 |      0 |     50 |   1 |   73.0 |
               +--------+--------+--------+--------+--------+-----+--------+

Top non-repeatable levels by time:
     D:5: 2214 daAuts
     D:2: 1620 daAuts
     D:4: 1382 daAuts
     D:1: 854 daAuts
     D:3: 713 daAuts
     D:6: 511 daAuts
  Temple: 73 daAuts
